 Dungeon Crawl Stone Soup version 0.30.1-9-gdf580d7c3d (webtiles) character file.

Game seed: 706367910082000151

607 Ivernyr the Shield-Bearer (level 7, 0/56 HPs)
             Began as a Formicid Fighter on Oct 12, 2023.
             Slain by Pikel
             ... wielding a +2 whip of flaming
              (1 damage)
             ... on level 4 of the Dungeon.
             The game lasted 00:06:00 (2696 turns).

Ivernyr the Shield-Bearer (Formicid Fighter)        Turns: 2696, Time: 00:06:01

Health: 0/56       AC:  7    Str: 20    XL:     7   Next: 71%
Magic:  7/7        EV:  9    Int:  8    God:
Gold:   168        SH: 10    Dex: 15    Spells: 6/6 levels left

rFire   . . .        a - +0 long sword
rCold   + . .        c - +0 kite shield
rNeg    . . .        b - +3 leather armour {rPois}
rPois   +            (helmet unavailable)
rElec   .            g - +0 cloak
rCorr   .            (no gloves)
SInv    +            (no boots)
Will    .....        (no amulet)
Stlth   +            o - ring of protection from cold
HPRegen 0.29/turn    (no ring)
MPRegen 0.10/turn

%: no passive effects
@: mighty
A: permanent stasis, dig shafts and tunnels, antennae 3, four strong arms
a: Dig, Shaft Self


You were on level 4 of the Dungeon.
You visited 1 branch of the dungeon, and saw 4 of its levels.

You collected 218 gold pieces.
You spent 50 gold pieces at shops.

Inventory:

Hand Weapons
 a - a +0 long sword (weapon)
Armour
 b - a +3 leather armour of poison resistance (worn)
 c - a +0 kite shield (worn)
 g - a +0 cloak (worn)
Jewellery
 o - a ring of protection from cold (left hand)
Wands
 v - a wand of paralysis (7)
Scrolls
 e - a scroll of teleportation {unknown}
 h - a scroll of enchant weapon
 l - 2 scrolls of magic mapping {unknown}
 m - a scroll of butterflies {unknown}
 t - a scroll of identify
 u - 2 scrolls of poison {unknown}
Potions
 f - a potion of brilliance {unknown}
 i - a potion of curing
 j - 3 potions of heal wounds
 k - 3 potions of haste {unknown}
 n - a potion of invisibility {unknown}
 p - a potion of cancellation {unknown}
 q - a potion of lignification {unknown}
 r - a potion of flight {unknown}
 s - a potion of attraction {unknown}


   Skills:
 + Level 5.0 Fighting
 * Level 5.2 Long Blades
 + Level 5.0 Armour
 + Level 6.0 Shields


You had 6 spell levels left.
You didn't know any spells.
Your spell library contained the following spells:

 Spells                   Type           Power      Damage    Failure   Level
 Shock                    Conj/Air       0%         1d3       75%         1
 Ensorcelled Hibernation  Hex/Ice        0%         N/A       86%         2
 Spider Form              Tmut/Pois      0%         N/A       98%         3
 Airstrike                Air            0%         2d(0-16)  100%        4
 Anguish                  Hex/Necr       0%         N/A       100%        4
 Swiftness                Air            Unusable   N/A       N/A         3

Dungeon Overview and Level Annotations

Branches:
Dungeon (4/15)
 Temple: D:4-7

Altars:

Shops:
D:2 !

Annotations:
D:4 Pikel


Innate Abilities, Weirdness & Mutations

You cannot be hasted, slowed, berserked, paralysed or teleported.
You can dig through walls and to a lower floor.
You have a pair of large antennae on your head. (SInv)
Your four strong arms can wield two-handed weapons with a shield.


Message History

You closely miss Pikel.
Pikel is lightly wounded.
Pikel hits you with a +2 whip of flaming.
Pikel burns you.
You feel very mighty all of a sudden.
Pikel hits you with a +2 whip of flaming.
Pikel burns you.
You hit Pikel.
Pikel is lightly wounded.
Pikel hits you with a +2 whip of flaming!
Pikel burns you.
Pikel hits you with a +2 whip of flaming.
* * * LOW HITPOINT WARNING * * *
Pikel burns you.
* * * LOW HITPOINT WARNING * * *
You barely miss Pikel.
Pikel is lightly wounded.
Pikel hits you with a +2 whip of flaming.
* * * LOW HITPOINT WARNING * * *
Pikel burns you.
* * * LOW HITPOINT WARNING * * *
Unknown command.
You barely miss Pikel.
Pikel is lightly wounded.
Pikel says, "I just want to get paid!"
Pikel closely misses you.
You slash Pikel!
Pikel is heavily wounded.
Pikel hits you with a +2 whip of flaming.
* * * LOW HITPOINT WARNING * * *
Pikel burns you.
* * * LOW HITPOINT WARNING * * *
Unknown command.
You completely miss Pikel.
Pikel is heavily wounded.
You block Pikel's attack.
Pikel hits you with a +2 whip of flaming.
* * * LOW HITPOINT WARNING * * *
Pikel burns you.
You die...

#.........# ####
#.........# #...
#........!# #...
#.........# #...
#.........# ###...
#........5# #.....
#.......55# #.####
###.#####K# ####.#
#....##@# #....#
####.##.# ######.#####.#
#.##.###............#
#.<#..........#######
####..#.....####........
#.............##.#######
#.#####.#####.##.#
#.##....# #†...#
#.##.#### ######


You could see Pikel and 3 lemures.

Vanquished Creatures
  Grinder (D:4)
  Menkaure (D:4)
  A kobold brigand (D:4)
  A sleepcap (D:4)
  Terence (D:3)
  Robin (D:3)
  A gnoll (D:1)
  8 adders
  3 dart slugs
  4 orcs
  4 ball pythons
  5 endoplasms
  A giant cockroach (D:1)
  14 goblins
  7 hobgoblins
  A quokka (D:2)
  7 bats
  5 frilled lizards
  3 kobolds
  A rat (D:3)
70 creatures vanquished.

Notes
Turn   | Place    | Note
-------+----------+-------------------------------------------
     0 | D:1      | Ivernyr the Formicid Fighter began the quest for the Orb.
     0 | D:1      | Reached XP level 1. HP: 18/18 MP: 1/1
   162 | D:1      | Reached XP level 2. HP: 18/24 MP: 2/2
   230 | D:1      | You fall into a shaft and drop 1 floor!
   428 | D:1      | Reached XP level 3. HP: 22/29 MP: 3/3
   795 | D:2      | Found Qinneromn's Distillery.
   821 | D:2      | Bought a potion of heal wounds for 50 gold pieces
   886 | D:2      | Reached XP level 4. HP: 37/37 MP: 4/4
  1266 | D:3      | Noticed Robin
  1274 | D:3      | Killed Robin
  1279 | D:3      | Noticed Terence
  1327 | D:3      | Reached XP level 5. HP: 40/42 MP: 5/5
  1619 | D:3      | Killed Terence
  1748 | D:4      | Noticed Menkaure
  1909 | D:4      | Killed Menkaure
  1910 | D:4      | Reached skill level 5 in Shields
  1910 | D:4      | Reached XP level 6. HP: 6/49 MP: 6/6
  2090 | D:4      | Noticed Grinder
  2120 | D:4      | Killed Grinder
  2121 | D:4      | Reached XP level 7. HP: 19/55 MP: 7/7
  2515 | D:4      | Reached skill level 5 in Fighting
  2515 | D:4      | Reached skill level 5 in Long Blades
  2522 | D:4      | Reached skill level 6 in Shields
  2624 | D:4      | Reached skill level 5 in Armour
  2666 | D:4      | Noticed Pikel
  2696 | D:4      | HP: 1/56 [Pikel/+2 whip of flaming (6)]
  2696 | D:4      | Slain by Pikel

Illustrated notes

Levels and vault maps discovered:
D:1:      wander_arrival_abandoned_jail, layout_loops_ring
D:2:      layout_basic, serial_shops, nicolae_shop_industrial_runoff
D:3:      layout_rooms, uniq_terence, uniq_robin
D:4:      layout_basic, cheibrodos_worm_habitat, glass_columns_b,
          item_on_display_a, uniq_pikel, uniq_sigmund, uniq_grinder,
          uniq_menkaure

Skill      XL: |  1  2  3  4  5  6  7 |
---------------+----------------------+-----
Long Blades    | 3 4 5 |  5.2
Fighting       | 4 5 |  5.0
Armour         | 4 5 |  5.0
Shields        | 5 6 |  6.0

Action                     |  1- 3 |  4- 6 |  7- 9 || total
---------------------------+-------+-------+-------++-------
  Melee: Long sword        |    72 |   138 |    72 ||   282
    Use: Scroll            |       |     4 |       ||     4
         Potion            |       |     1 |     1 ||     2
 Armour: Scale mail        |    35 |       |       ||    35
         Leather armour    |    11 |    34 |    22 ||    67
  Dodge: Dodged            |    32 |    36 |    15 ||    83
  Block: Buckler           |    21 |       |       ||    21
         Kite shield       |       |    72 |    40 ||   112
